 Seeded DCSS version 0.30.1-11-g7821555f0a (webtiles) character file.

Game seed: 430007637681659361 (custom seed)

42 strifetoe the Chopper (level 3, 0/29 HPs)
             Began as a Demonspawn Fighter on Nov 9, 2023.
             Killed from afar by Terence (5 damage)
             ... with a puff of flame
             ... on level 2 of the Dungeon.
             The game lasted 00:00:46 (729 turns).

strifetoe the Chopper (Demonspawn Fighter)           Turns: 729, Time: 00:00:47

Health: 0/29       AC:  6    Str: 18    XL:     3   Next: 35%
Magic:  0/3        EV:  9    Int:  9    God:
Gold:   50         SH:  4    Dex: 12    Spells: 2/2 levels left

rFire   . . .        g - +3 war axe
rCold   . . .        c - +0 buckler
rNeg    . . .        b - +0 scale mail
rPois   .            (no helmet)
rElec   .            (no cloak)
rCorr   .            (no gloves)
SInv    .            (no boots)
Will    .....        (no amulet) Stlth
                     (no ring)
HPRegen 0.24/turn    (no ring)
MPRegen 0.16/turn

%: guardian spirit
@: mighty
A: magic shield, magic regeneration
a: no special abilities


You were on level 2 of the Dungeon.
You visited 1 branch of the dungeon, and saw 2 of its levels.

You collected 50 gold pieces.

Inventory:

Hand Weapons
 a - a +0 war axe
 g - a +3 war axe (weapon)
Armour
 b - a +0 scale mail (worn)
 c - a +0 buckler (worn)
Jewellery
 k - a ring of flight
Scrolls
 e - 2 scrolls of noise {unknown}
 f - a scroll of vulnerability {unknown}
 i - a scroll of identify {unknown}
 j - a scroll of brand weapon {unknown}
 m - a scroll of fear {unknown}
Potions
 h - a potion of curing {unknown}
 l - a potion of cancellation {unknown}
 n - a potion of ambrosia {unknown}


   Skills:
 - Level 3.0 Fighting
 + Level 3.5 Axes
 - Level 2.6 Armour
 - Level 2.6 Shields


You had 2 spell levels left.
You didn't know any spells.
Your spell library was empty.

Dungeon Overview and Level Annotations

Branches:
Dungeon (2/15)

Altars:

Annotations:
D:2 Terence


Innate Abilities, Weirdness & Mutations

When hurt, damage is shared between your health and your magic reserves.
You regenerate magic rapidly.


Message History

Found a stone staircase leading down.
Found 5 stones.
There is a stone staircase leading down here.
Terence and an adder come into view.
Terence is wielding a +0 hand axe of electrocution and carrying a wand of flame (26).
Terence shouts!
The adder hisses angrily.
Found a helmet.
Terence zaps a wand.
The puff of flame hits you.
You see here 5 stones.
There are monsters nearby!
There are monsters nearby!
Found a stone.
Terence zaps a wand.
The puff of flame hits you.
A ball python comes into view.
The ball python hisses angrily.
You see here 5 stones.
The adder completely misses you. The adder attacks as you move away!
The adder completely misses you.
You slash the adder!
You kill the adder!
You barely miss Terence. You block Terence's attack.
You feel very mighty all of a sudden. Terence barely misses you.
You barely miss Terence.
Terence zaps a wand.
The puff of flame hits you.
Terence hits you with a +0 hand axe of electrocution.
You slash Terence!
Terence is severely wounded.
Terence zaps a wand.
The puff of flame hits you!
You barely miss Terence.
Terence is severely wounded.
Terence zaps a wand.
The puff of flame misses you.
You barely miss Terence.
Terence is severely wounded.
Terence hits you but does no damage. You block Terence's attack.
You closely miss Terence.
Terence is severely wounded.
Terence zaps a wand.
The puff of flame hits you!
* * * LOW HITPOINT WARNING * * *
You closely miss Terence.
Terence is severely wounded.
Terence zaps a wand.
The puff of flame hits you.
You die...

####
#####..##
#.....>.#
#####.#####.#
#....<# #.#
#..##### #@#
.. #@# #S###
#...# #.....#
#..........
#...........
#...........
#...........


You could see Terence and a ball python.

Vanquished Creatures
  An adder (D:2)
  A dart slug (D:1)
  An endoplasm (D:1)
  4 giant cockroaches
  2 goblins (D:1)
  3 hobgoblins (D:1)
  2 quokkas (D:1)
  5 ball pythons (D:1)
  6 bats (D:1)
  A frilled lizard (D:1)
  A kobold (D:1)
  4 rats (D:1)
31 creatures vanquished.

Notes
Turn   | Place    | Note
-------+----------+-------------------------------------------
     0 | D:1      | strifetoe the Demonspawn Fighter began the quest for the
                  | Orb.
     0 | D:1      | Reached XP level 1. HP: 18/18 MP: 1/1
   181 | D:1      | Gained mutation: You regenerate magic rapidly. [demonic
                  | ancestry]
   181 | D:1      | Reached XP level 2. HP: 20/24 MP: 2/2
   520 | D:1      | Gained mutation: When hurt, damage is shared between your
                  | health and your magic reserves. [demonic ancestry]
   520 | D:1      | Reached XP level 3. HP: 29/29 MP: 3/3
   713 | D:2      | Noticed Terence
   729 | D:2      | Killed from afar by Terence

Illustrated notes

Levels and vault maps discovered:
D:1:      wander_arrival_chamber, layout_basic, kennysheep_boxes
D:2:      layout_rooms, dilly_ecumenical_altar_fadedgnrine, basic_altar,
          uniq_terence

Skill      XL: |  1  2 |
---------------+-------+-----
Axes           | 2 3 |  3.5
Fighting       | |  3.0
Armour         | |  2.6
Shields        | |  2.6

Action                     || total
---------------------------++-------
  Melee: War axe           ||    69
    Use: Potion            ||     1
 Armour: Scale mail        ||    35
  Dodge: Dodged            ||    35
  Block: Buckler           ||    12
